 Dungeon Crawl Stone Soup version 0.26-a0-778-g3fe0686644 (webtiles) character file.

Game seed: 3176593719661185809

330 strifetoe the Cleaver (level 6, -4/51 HPs)
             Began as a Hill Orc Monk on Nov 11, 2020.
             Slain by a gnoll sergeant
             ... wielding a +0 quarterstaff
              (11 damage)
             ... on level 4 of the Dungeon.
             The game lasted 00:04:35 (4146 turns).

strifetoe the Cleaver (Hill Orc Monk)               Turns: 4146, Time: 00:04:35

Health: -4/51      AC:  8    Str: 16    XL:     6   Next: 51%
Magic:  6/6        EV:  7    Int: 10    God:
Gold:   83         SH:  0    Dex: 13    Spells: 5/5 levels left

rFire    . . .     SeeInvis .   i - -2 flail (curse)
rCold    . . .     Faith    .   (no shield)
rNeg     . . .     Spirit   .   f - +0 chain mail
rPois    .         Reflect  .   (no helmet)
rElec    .         Harm     .   (no cloak)
rCorr    .         Rampage  .   (no gloves)
MR       .....                  (no boots)
Stlth    ..........             (no amulet)
HPRegen  0.17/turn              (no ring)
MPRegen  0.10/turn              (no ring)

@: no status effects
A: iridescent scales 1, molten scales 1, deformed body, screaming 1
a: no special abilities


You were on level 4 of the Dungeon.
You visited 1 branch of the dungeon, and saw 6 of its levels.

You collected 83 gold pieces.

Inventory:

Hand Weapons
 a - a +1 hand axe
 c - a +0 war axe
 d - a +0 falchion
 i - a cursed -2 flail (weapon)
Armour
 f - a +0 chain mail (worn)
Jewellery
 b - a +4 ring of evasion
Scrolls
 j - a scroll of enchant weapon
Potions
 e - a potion of curing {unknown}
 g - a potion of ambrosia {unknown}
 h - 2 potions of might {unknown}


   Skills:
 - Level 3.6 Fighting
 + Level 9.3 Axes
 - Level 2.4 Dodging
 - Level 1.5 Stealth


You had 5 spell levels left.
You didn't know any spells.
Your spell library was empty.

Dungeon Overview and Level Annotations

Branches:
Dungeon (6/15)
 Temple: D:4-7

Altars:
Gozag
Kikubaaqudgha

Annotations:
D:4 3 runed translucent doors, Sun's ghost, amateur KoDe


Innate Abilities, Weirdness & Mutations

You are partially covered in iridescent scales. (AC +2)
You are partially covered in molten scales. (AC +2)
Armour fits poorly on your strangely shaped body.
You occasionally shout uncontrollably at your foes.


Message History

The gnoll sergeant hits you with a +0 quarterstaff.
You barely miss the gnoll sergeant. The gnoll sergeant closely misses you.
You hit the gnoll sergeant but do no damage.
The gnoll sergeant hits you with a +0 quarterstaff.
You barely miss the gnoll sergeant.
The gnoll sergeant hits you with a +0 quarterstaff!
Your chain mail prevents you from hitting the gnoll sergeant.
The gnoll sergeant hits you with a +0 quarterstaff!
* * * LOW HITPOINT WARNING * * *
You barely miss the gnoll sergeant.
The gnoll sergeant hits you but does no damage.
You sock the gnoll sergeant!
The gnoll sergeant is moderately wounded.
The gnoll sergeant hits you with a +0 quarterstaff!
* * * LOW HITPOINT WARNING * * *
Unknown command.
You hit the gnoll sergeant.
The gnoll sergeant is moderately wounded.
The gnoll sergeant hits you with a +0 quarterstaff!
You die...

##.#..((.......##
.###............##
..#...†....(.....#
....##.......##..##
...........)## #..#
.............###.##
.................##
...##..#..........#
...#...#.......g@##
..###...........##
..# #..........#...
...
....#......#.#.#
.......##.........
# .......
#..........
.............
..............
###.......#.......


You could see a gnoll sergeant.

Vanquished Creatures
  A hound (D:3)
  4 orc wizards
  2 worker ants
  A hound skeleton (D:4)
  A gnoll (D:5)
  6 adders
  3 white imps (D:5)
  An ufetubus (D:3)
  A worm (D:4)
  3 dart slugs (D:1)
  3 leopard geckos (D:3)
  16 orcs
  2 giant cockroaches (D:1)
  3 goblins (D:3)
  2 hobgoblins (D:3)
  A jackal (D:1)
  3 bats (D:3)
  3 kobolds (D:3)
  A leopard gecko skeleton (D:4)
  A rat (D:3)
58 creatures vanquished.

Notes
Turn   | Place    | Note
-------+----------+-------------------------------------------
     0 | D:1      | strifetoe the Hill Orc Monk began the quest for the Orb.
     0 | D:1      | Reached XP level 1. HP: 19/19 MP: 1/1
    76 | D:1      | Reached XP level 2. HP: 26/26 MP: 2/2
   135 | D:1      | Reached skill level 5 in Axes
   762 | D:3      | Reached XP level 3. HP: 31/31 MP: 3/3
   878 | D:3      | Reached skill level 6 in Axes
  1117 | D:3      | Reached XP level 4. HP: 32/39 MP: 4/4
  1694 | D:3      | Reached skill level 7 in Axes
  1983 | D:5      | Entered Level 5 of the Dungeon
  1988 | D:5      | Noticed a gnoll sergeant
  2118 | D:3      | Reached XP level 5. HP: 34/45 MP: 5/5
  2501 | D:3      | HP: 2/45 [orc/+0 war axe (3)]
  2507 | D:3      | Gained mutation: Armour fits poorly on your strangely
                  | shaped body. [potion of mutation]
  2507 | D:3      | Gained mutation: You are partially covered in iridescent
                  | scales. (AC +2) [potion of mutation]
  2507 | D:3      | Gained mutation: You occasionally shout uncontrollably at
                  | your foes. [potion of mutation]
  2507 | D:3      | Gained mutation: You are partially covered in molten
                  | scales. (AC +2) [potion of mutation]
  2513 | D:3      | Reached skill level 8 in Axes
  3042 | D:4      | Reached XP level 6. HP: 38/51 MP: 6/6
  3374 | D:4      | Found a runed translucent gate.
  3375 | D:4      | Found a runed translucent gate.
  3375 | D:4      | Found an opulent altar of Gozag.
  3376 | D:4      | Found a runed translucent gate.
  3378 | D:4      | Noticed Sun's ghost (amateur KoDe)
  3613 | D:5      | Reached skill level 9 in Axes
  3866 | D:5      | Found an ancient bone altar of Kikubaaqudgha.
  3882 | D:5      | Noticed a water moccasin
  3890 | D:6      | Noticed a phantom
  4146 | D:4      | Slain by a gnoll sergeant

Illustrated notes

Levels and vault maps discovered:
D:1:      minmay_arrival_jagged, layout_basic, minmay_gold_behind_fungi,
          minmay_tetromino_o2
D:2:      layout_loops_ring, serial_co_window_serial,
          co_window_of_opportunity_a, co_window_paths_b, co_window_corner_a,
          co_window_corner_a, co_window_paths_a, co_window_broadway_b,
          co_window_corner_ca, co_window_broadway_b, co_window_sun,
          glass_columns_b, glass_columns_b, glass_columns_a
D:3:      layout_basic, nicolae_overflow_hidden_temple,
          kennysheep_generic_room_4
D:4:      layout_cave_pools, ebering_ghost_gozag
D:5:      layout_rooms, tgw_kikubaaqudgha
D:6:      layout_rooms, minmay_temple_entry_mist

Skill      XL: |  1  2  3  4  5  6 |
---------------+-------------------+-----
Axes           | 5 6 7 8 9 |  9.3
Fighting       | |  3.6
Dodging        | |  2.4
Stealth        | |  1.5

Action                   |  1- 3 |  4- 6 || total
-------------------------+-------+-------++-------
Melee: Hand axe          |    75 |     4 ||    79
       Flail             |       |   250 ||   250
  Use: Scroll            |       |     2 ||     2
       Potion            |       |     3 ||     3
 Stab: Sleeping          |     1 |       ||     1
Armor: Robe              |     6 |       ||     6
       Ring mail         |    25 |    31 ||    56
       Chain mail        |       |   109 ||   109
       Skin              |       |     4 ||     4
Dodge: Dodged            |    59 |   160 ||   219

Table legend: (Time is in decaauts)
 A = Elapsed time spent in this place.
 B = Non-inter-level travel time spent in this place.
 C = Inter-level travel time spent in this place.
 D = Time resting spent in this place.
 E = Time spent auto-exploring this place.
 F = Levels seen in this place.
 G = Mean time per level.
                   A        B        C        D        E       F      G
               +--------+--------+--------+--------+--------+-----+--------+
         Total |   4187 |   4109 |     78 |   2544 |    552 |   6 |  697.8 |
       Dungeon |   4187 |   4109 |     78 |   2544 |    552 |   6 |  697.8 |
               +--------+--------+--------+--------+--------+-----+--------+

Top non-repeatable levels by time:
     D:3: 2270 daAuts
     D:4: 1003 daAuts
     D:5: 639 daAuts
     D:1: 204 daAuts
     D:2: 59 daAuts
     D:6: 8 daAuts
